[Event "Titled Tuesday Blitz April 12 Early 2022"]
[White "Sailer, Mike"]
[Black "Tregubov, Pavel V."]
[WhiteFideId "2012901"]
[BlackFideId "4115341"]
[WhiteElo "2109"]
[BlackElo "2341"]
[Result "0-1"]
[Round "08"]
[TimeControl "180+1"]
[Date "2022.04.13"]
[WhiteClock "0:00:03"]
[BlackClock "0:00:22"]

1. d4 Nf6 2. Nf3 e6 3. Bf4 c5 4. e3 b6 5. c4 Bb7 6. Nc3 cxd4 7. exd4 d5 8. cxd5 Nxd5 9. Nxd5 Qxd5 10. Be2 Bb4+ 11. Bd2 Bxd2+ 12. Qxd2 Nc6 13. O-O O-O 14. Rfd1 Rac8 15. Rac1 Ne7 16. Rxc8 Rxc8 17. Ne1 Qxa2 18. Bf3 Bd5 19. h3 h6 20. Bxd5 Nxd5 21. Nf3 Qb3 22. Rc1 Rc4 23. Rxc4 Qxc4 24. Ne5 Qb4 25. Qc1 Ne7 26. Qc7 f6 27. Qd8+ Kh7 28. Nd7 Ng6 29. Qc7 Kg8 30. Qd8+ Kf7 31. Qc7 Qe7 32. Qc6 Nf4 33. Nb8 Ne2+ 34. Kf1 Nxd4 35. Qa8 Qc5 36. Qxa7+ Kg6 37. Nd7 Qc1# 0-1


[Site "https://www.chess.com"]

[Event "Titled Tuesday Blitz April 12 Early 2022"]
[White "Samaganova, Aleksandra"]
[Black "Osmonbekov, Talaibek"]
[WhiteFideId "13800221"]
[BlackFideId "2017253"]
[WhiteElo "1859"]
[BlackElo "2135"]
[Result "0-1"]
[Round "08"]
[TimeControl "180+1"]
[Date "2022.04.13"]
[WhiteClock "0:00:01"]
[BlackClock "0:00:18"]

1. c4 e5 2. Nc3 d6 3. g3 f5 4. Bg2 Nf6 5. e3 Be7 6. Nge2 O-O 7. O-O c6 8. d4 e4 9. Rb1 d5 10. cxd5 cxd5 11. b4 Be6 12. b5 Nbd7 13. a4 Nb6 14. Qb3 Nc4 15. Nd1 Rc8 16. Nec3 g5 17. Nb2 Na5 18. Qc2 Kh8 19. Bd2 Rg8 20. Qd1 f4 21. exf4 gxf4 22. Rc1 f3 23. Bh1 b6 24. Bf4 Ba3 25. Qc2 Rg7 26. Be5 Bxb2 27. Qxb2 Nc4 28. Qa2 Nxe5 29. dxe5 Ng4 30. Rfd1 Qg5 31. h4 Qxe5 32. Kf1 Nh2+ 0-1


[Site "https://www.chess.com"]

[Event "Titled Tuesday Blitz April 12 Early 2022"]
[White "Samant Aditya S"]
[Black "Raahul V S"]
[WhiteFideId "35080580"]
[BlackFideId "25035525"]
[WhiteElo "1916"]
[BlackElo "2185"]
[Result "0-1"]
[Round "08"]
[TimeControl "180+1"]
[Date "2022.04.13"]
[WhiteClock "0:00:08"]
[BlackClock "0:00:33"]

1. d4 d5 2. c4 c6 3. Nf3 Nf6 4. Nc3 e6 5. e3 Nbd7 6. b3 c5 7. cxd5 cxd4 8. Nxd4 Bb4 9. Bd2 Qa5 10. Ndb5 a6 11. a3 axb5 12. Nxb5 Bxd2+ 13. Qxd2 Qxd2+ 14. Kxd2 O-O 15. dxe6 fxe6 16. f3 Nc5 17. Bc4 Bd7 18. a4 Nd5 19. Bxd5 exd5 20. Nd4 b6 21. Rac1 Rfe8 22. Rc3 Re7 23. Rhc1 g5 24. g4 h5 25. gxh5 g4 26. Rg1 Kh8 27. b4 Nxa4 28. Rc7 gxf3 29. h6 f2 30. Rf1 Rf7 31. Ke2 Bg4+ 32. Kd3 Nb2+ 33. Kc2 Rxc7+ 34. Kxb2 Rf7 35. Kc3 Bh3 0-1


[Site "https://www.chess.com"]

[Event "Titled Tuesday Blitz April 12 Early 2022"]
[White "Sanchez, Robert"]
[Black "Zavgorodniy, Sergiy"]
[WhiteFideId "2034360"]
[BlackFideId "14110148"]
[WhiteElo "2394"]
[BlackElo "2420"]
[Result "0-1"]
[Round "08"]
[TimeControl "180+1"]
[Date "2022.04.13"]
[WhiteClock "0:00:07"]
[BlackClock "0:00:14"]

1. e4 e5 2. Nf3 d6 3. Bc4 Be7 4. d3 Nf6 5. h3 O-O 6. Nc3 c6 7. a4 d5 8. exd5 cxd5 9. Bb3 Nc6 10. O-O d4 11. Ne2 h6 12. Ng3 Nd5 13. Re1 f6 14. Bd2 Be6 15. Qc1 Kh7 16. Nh4 Qd7 17. Nhf5 Rad8 18. Nxg7 Kxg7 19. Bxh6+ Kg8 20. Bxf8 Bxf8 21. Ne4 Qg7 22. Bxd5 Bxd5 23. f4 f5 24. Ng5 Be7 25. h4 e4 26. dxe4 fxe4 27. Nxe4 Bxh4 28. Re2 Ne7 29. Ng5 Nf5 30. Qd2 Ne3 31. Qa5 Bxg5 32. fxg5 Qxg5 33. Rae1 b6 34. Qxa7 Bxg2 35. Qc7 Bf3+ 36. Kh2 Qh4+ 37. Kg1 Qg4+ 38. Kf2 Qg2# 0-1


[Site "https://www.chess.com"]

[Event "Titled Tuesday Blitz April 12 Early 2022"]
[White "Sapunov, Evgeny"]
[Black "Iljin, Timofey"]
[WhiteFideId "4126661"]
[BlackFideId "14110180"]
[WhiteElo "2470"]
[BlackElo "2396"]
[Result "1-0"]
[Round "08"]
[TimeControl "180+1"]
[Date "2022.04.13"]
[WhiteClock "0:01:09"]
[BlackClock "0:00:01"]

1. c4 d5 2. cxd5 Nf6 3. e4 e6 4. dxe6 Bxe6 5. Nc3 Nc6 6. Nf3 Bc5 7. Bb5 O-O 8. Bxc6 bxc6 9. d3 Qd7 10. O-O Rad8 11. Ne5 Qd6 12. Bf4 Bd4 13. Ng6 Qb4 14. Nxf8 Rxf8 15. Qc2 Nh5 16. Be3 f5 17. Rac1 f4 18. Bxd4 Qxd4 19. Ne2 Qf6 20. f3 Qg5 21. Qxc6 Bxa2 22. Qxc7 Be6 23. Rc5 Qg6 24. Qe5 Bf7 25. Rfc1 h6 26. b4 Kh7 27. Qf5 Rb8 28. b5 Nf6 29. Qxg6+ Bxg6 30. Nxf4 Be8 31. Rb1 Rb6 32. d4 a6 33. e5 Nd7 34. Rc6 Rxb5 35. Rxb5 axb5 36. Rc8 Bg6 37. e6 Nb6 38. Rb8 Nc4 39. Nxg6 Nd6 40. e7 Kxg6 41. e8=Q+ Nxe8 42. Rxe8 b4 43. Rb8 b3 44. Kf2 Kf5 45. Ke3 g5 46. Rb5+ Kg6 47. g4 b2 48. Rxb2 Kf6 49. Ke4 Ke6 50. Rb6+ Kd7 51. Rxh6 Ke7 52. Ke5 Kf7 53. Kf5 Kg7 54. Kxg5 Kf7 55. Rg6 Ke7 56. h4 Kd7 57. h5 Kc7 58. h6 Kd7 59. h7 Kc7 60. h8=Q Kd7 61. Qh7+ Kd8 62. Rg8# 1-0


[Site "https://www.chess.com"]

[Event "Titled Tuesday Blitz April 12 Early 2022"]
[White "Seo, Jung Min"]
[Black "Vokhidov, Shamsiddin"]
[WhiteFideId "1734687"]
[BlackFideId "14204223"]
[WhiteElo "2401"]
[BlackElo "2611"]
[Result "0-1"]
[Round "08"]
[TimeControl "180+1"]
[Date "2022.04.12"]
[WhiteClock "0:00:28"]
[BlackClock "0:00:21"]

1. d4 Nf6 2. c4 e6 3. Nf3 d5 4. Nc3 Bb4 5. Bg5 h6 6. Bxf6 Qxf6 7. Qa4+ Nc6 8. e3 O-O 9. Rc1 Rd8 10. a3 Bf8 11. Be2 a6 12. O-O Rb8 13. Rfd1 dxc4 14. Qxc4 Qe7 15. Ne4 Bd7 16. Nc5 Be8 17. Nd3 Rbc8 18. b4 Na7 19. Qc2 Nb5 20. Qb2 Nd6 21. Nc5 Bb5 22. h3 c6 23. Rd2 Bxe2 24. Rxe2 g6 25. Qb3 Bg7 26. a4 b6 27. Nxa6 Qb7 28. b5 cxb5 29. Rxc8 Rxc8 30. axb5 Qd7 31. Rb2 Rc1+ 32. Kh2 Ne4 33. Qd3 f5 34. Nb4 Qd6+ 35. g3 Nxf2 36. Rxf2 Qxb4 37. e4 Qb1 38. Qxb1 Rxb1 39. exf5 gxf5 40. Rc2 Rxb5 41. Rc6 Kf7 42. g4 fxg4 43. hxg4 Rb3 44. Kg2 Bf6 45. Rc7+ Be7 46. g5 hxg5 47. Nxg5+ Kf6 48. Ne4+ Kf5 49. Ng3+ Rxg3+ 0-1


[Site "https://www.chess.com"]

[Event "Titled Tuesday Blitz April 12 Early 2022"]
[White "Shimanov, Aleksandr"]
[Black "Weetik, Vjacheslav"]
[WhiteFideId "4198603"]
[BlackFideId "4153472"]
[WhiteElo "2636"]
[BlackElo "2469"]
[Result "1-0"]
[Round "08"]
[TimeControl "180+1"]
[Date "2022.04.12"]
[WhiteClock "0:00:16"]
[BlackClock "0:00:03"]

1. d4 Nf6 2. Nc3 d5 3. Bf4 c5 4. e4 e6 5. e5 Nfd7 6. Nf3 Nc6 7. dxc5 Bxc5 8. Bd3 f6 9. exf6 Nxf6 10. Qe2 O-O 11. O-O-O Nh5 12. Bg5 Nf4 13. Bxf4 Rxf4 14. h4 Qf6 15. Kb1 Bd7 16. Rh3 Nd4 17. Nxd4 Bxd4 18. Qh5 g6 19. Qh6 Rf8 20. Ne2 Bxb2 21. Qxf4 Qg7 22. Qb4 Be5 23. Rf3 Rc8 24. h5 Bc6 25. hxg6 hxg6 26. Nf4 a5 27. Qb3 a4 28. Qb4 Qd7 29. Nxg6 Bg7 30. Ne7+ 1-0


[Site "https://www.chess.com"]

[Event "Titled Tuesday Blitz April 12 Early 2022"]
[White "Shipov, Sergei"]
[Black "Artemenko, Oleg"]
[WhiteFideId "4113624"]
[BlackFideId "14201798"]
[WhiteElo "2802"]
[BlackElo "2287"]
[Result "0-1"]
[Round "08"]
[TimeControl "180+1"]
[Date "2022.04.12"]
[WhiteClock "0:00:08"]
[BlackClock "0:01:02"]

1. d4 Nf6 2. c4 e6 3. Nc3 c5 4. d5 exd5 5. cxd5 d6 6. e4 g6 7. Nf3 Bg7 8. Bg5 O-O 9. Nd2 h6 10. Bh4 Na6 11. Be2 Nc7 12. a4 b6 13. O-O Rb8 14. f4 Qe8 15. Bf3 Ba6 16. Re1 Nd7 17. e5 dxe5 18. Nde4 f6 19. Nd6 Qe7 20. Ndb5 Qd8 21. Nxa7 Ra8 22. Nc6 Qe8 23. d6 Ne6 24. Ne7+ Kh7 25. Nxg6 Qxg6 26. f5 Qf7 27. Bd5 Rae8 28. fxe6 Rxe6 29. Qb3 Rfe8 30. Rad1 Bc8 31. Ne4 f5 32. Ng3 Qg6 33. Bxe6 Rxe6 34. Qd5 f4 35. Ne4 Qf5 36. Be7 Rg6 37. Kh1 Nb8 38. Nf2 Be6 39. Qe4 Qf7 40. Nd3 Bd5 41. Nxe5 Bxe4 42. Nxf7 Bxg2+ 43. Kg1 Bd5+ 44. Kf1 Bc4+ 45. Kf2 Bxf7 46. d7 Nxd7 47. Rxd7 Bd4+ 48. Kf3 Rg7 49. Kxf4 Bg6 50. Rc7 Rf7+ 51. Kg3 Bf2+ 52. Kg2 Bxe1 53. Bd8 Rxc7 54. Bxc7 Ba5 55. Kf3 Kg7 56. Kf4 Kf6 57. Be5+ Ke6 58. Bg7 Bc2 59. Ke3 h5 0-1


[Site "https://www.chess.com"]

[Event "Titled Tuesday Blitz April 12 Early 2022"]
[White "Shohat, Yotam"]
[Black "Dronavalli, Harika"]
[WhiteFideId "2813955"]
[BlackFideId "5015197"]
[WhiteElo "2119"]
[BlackElo "2382"]
[Result "0-1"]
[Round "08"]
[TimeControl "180+1"]
[Date "2022.04.13"]
[WhiteClock "0:00:01"]
[BlackClock "0:00:53"]

1. e4 c5 2. Nf3 e6 3. g3 Nc6 4. Bg2 d5 5. exd5 exd5 6. d4 cxd4 7. Nxd4 Bc5 8. Be3 Bxd4 9. Bxd4 Qe7+ 10. Be3 Nf6 11. O-O O-O 12. Nc3 Be6 13. Bd4 Rfd8 14. Re1 Ne4 15. Qd3 Nxc3 16. Qxc3 Rac8 17. Rac1 Nxd4 18. Qxd4 b6 19. Bxd5 Qg5 20. Bxe6 Rxd4 21. Bxc8 g6 22. Bb7 Rd2 23. Rf1 h5 24. h4 Qc5 25. Be4 Qd4 26. Bd3 Kg7 27. b3 a5 28. Rcd1 Rxd1 29. Rxd1 a4 30. bxa4 Qxa4 31. Rb1 Qa5 32. a4 Kf8 33. Rb5 Qe1+ 34. Kg2 Qe6 35. Rb4 Qc6+ 36. Be4 Qc5 37. Rb5 Qd4 38. Bd3 Ke7 39. a5 bxa5 40. Rxa5 Qb6 41. Rb5 Qc6+ 42. Kg1 Kf6 43. Rb1 Qc3 44. Rd1 Ke5 45. Kg2 f5 46. Rf1 f4 47. Bxg6 Qc6+ 48. Kh2 Qxg6 49. Re1+ Kf5 50. Rg1 Qc6 51. gxf4 Qxc2 52. Rg5+ Kxf4 0-1


[Site "https://www.chess.com"]

[Event "Titled Tuesday Blitz April 12 Early 2022"]
[White "Shtyka, Sergey"]
[Black "Rostovtsev, Dmitry"]
[WhiteFideId "4138465"]
[BlackFideId "34278320"]
[WhiteElo "2014"]
[BlackElo "2272"]
[Result "1-0"]
[Round "08"]
[TimeControl "180+1"]
[Date "2022.04.13"]
[WhiteClock "0:00:03"]
[BlackClock "0:00:26"]

1. e4 g6 2. d4 Bg7 3. Nc3 d6 4. g3 Nf6 5. Bg2 O-O 6. Nge2 Bd7 7. h3 Qc8 8. Be3 c5 9. Qd2 cxd4 10. Nxd4 Nc6 11. g4 Ne5 12. b3 h5 13. f4 Nc6 14. g5 Nh7 15. Nd5 Re8 16. c4 Nf8 17. Rd1 Ne6 18. Nb5 a6 19. Nb6 Qd8 20. Nxd6 exd6 21. Qxd6 Ned4 22. Nxa8 Qa5+ 23. Bd2 Qxa2 24. Qxd7 Rxa8 25. Qxb7 Rb8 26. Qc7 Nc2+ 27. Kf2 Bd4+ 28. Kg3 Rxb3+ 29. Kh2 N6b4 30. Bxb4 Rxb4 31. Rxd4 Ne3 32. Rg1 Rb2 33. Rd8+ Kg7 34. Qe5+ Kh7 35. Qh8# 1-0


[Site "https://www.chess.com"]

[Event "Titled Tuesday Blitz April 12 Early 2022"]
[White "Silvestre, Christian"]
[Black "Lobachev, Yury"]
[WhiteFideId "30956269"]
[BlackFideId "24138177"]
[WhiteElo "2447"]
[BlackElo "2309"]
[Result "1-0"]
[Round "08"]
[TimeControl "180+1"]
[Date "2022.04.13"]
[WhiteClock "0:00:58"]
[BlackClock "0:01:03"]

1. e4 c5 2. Nc3 e6 3. d3 Nc6 4. g3 g6 5. Bg2 Bg7 6. Nf3 Nge7 7. h4 h5 8. Bf4 d5 9. Qd2 dxe4 10. Nxe4 Bxb2 11. Rb1 Bg7 12. Nd6+ Kf8 13. Ng5 Qa5 14. Qxa5 Nxa5 15. Bd2 Nac6 16. Ndxf7 Rg8 17. Nd6 Nd4 18. O-O Nxc2 19. Nxc8 Rxc8 20. Nxe6+ Kf7 21. Nxg7 Kxg7 22. Rxb7 Kf6 23. Bg5+ 1-0


[Site "https://www.chess.com"]

[Event "Titled Tuesday Blitz April 12 Early 2022"]
[White "Skliarov, Viktor"]
[Black "Caputcuoglu, Zeki Berke"]
[WhiteFideId "14106736"]
[BlackFideId "34548610"]
[WhiteElo "2229"]
[BlackElo "1368"]
[Result "1-0"]
[Round "08"]
[TimeControl "180+1"]
[Date "2022.04.13"]
[WhiteClock "0:00:09"]
[BlackClock "0:00:09"]

1. e4 e5 2. Nc3 Nf6 3. Bc4 Nc6 4. d3 Bc5 5. a3 O-O 6. h3 d6 7. Nge2 a6 8. Ng3 h6 9. O-O Nd4 10. b4 Ba7 11. Be3 c6 12. Nce2 d5 13. Ba2 Nxe2+ 14. Qxe2 d4 15. Bd2 Bb6 16. f4 exf4 17. Bxf4 Be6 18. Be5 Nd7 19. Bd6 Re8 20. Nf5 Qg5 21. Bf4 Qg6 22. Nd6 Rf8 23. Rf3 Bxa2 24. Rxa2 Qe6 25. Ra1 Bc7 26. Nxb7 Ne5 27. Bxe5 Qxe5 28. g4 a5 29. Raf1 axb4 30. axb4 Ra2 31. Nc5 Qe7 32. Qf2 Be5 33. Rf5 Ra7 34. Kg2 Rb8 35. Rb1 Ra3 36. Rxe5 Qxe5 37. Nd7 Qc7 38. Nxb8 Qxb8 39. Qxd4 Ra2 40. Qc4 Qf4 41. Qxa2 Qd2+ 42. Kf3 g5 43. Rf1 Qf4+ 44. Ke2 Qh2+ 45. Rf2 Qxh3 46. Qa8+ Kg7 47. Qc8 h5 48. Qf5 1-0


[Site "https://www.chess.com"]

[Event "Titled Tuesday Blitz April 12 Early 2022"]
[White "Skytte, Rasmus"]
[Black "Clawitter, Craig"]
[WhiteFideId "1404210"]
[BlackFideId "2023105"]
[WhiteElo "2430"]
[BlackElo "2206"]
[Result "0-1"]
[Round "08"]
[TimeControl "180+1"]
[Date "2022.04.13"]
[WhiteClock "0:01:37"]
[BlackClock "0:00:39"]

1. e4 e6 2. d4 d5 3. e5 c5 4. c3 Qb6 5. Nf3 Nc6 6. Bd3 cxd4 7. cxd4 Bd7 8. Bc2 Nb4 9. Ba4 Qa6 10. Bxd7+ Kxd7 11. Nc3 Nd3+ 12. Kd2 Nxf2 13. Qf1 Nxh1 14. Qxa6 bxa6 15. Ke1 Nh6 16. Bxh6 gxh6 17. Kf1 Rb8 18. b3 Bb4 19. Ne2 Rhc8 20. Kg1 Rc2 21. Kxh1 Rxe2 22. Rc1 Rc8 23. Rxc8 Kxc8 24. h3 Rxa2 25. Kh2 a5 26. Kg3 Ra3 27. Kh4 Rxb3 28. Kh5 Rxf3 29. Kxh6 Rg3 30. Kxh7 a4 31. h4 a3 32. h5 a2 33. h6 a1=Q 34. Kh8 Qa4 35. Kh7 Qb5 36. Kh8 Qe8+ 37. Kh7 Qg8# 0-1


[Site "https://www.chess.com"]

[Event "Titled Tuesday Blitz April 12 Early 2022"]
[White "Stanisz, Patryk"]
[Black "Kadam, Om Manish"]
[WhiteFideId "1123106"]
[BlackFideId "45076294"]
[WhiteElo "1833"]
[BlackElo "1729"]
[Result "0-1"]
[Round "08"]
[TimeControl "180+1"]
[Date "2022.04.13"]
[WhiteClock "0:00:02"]
[BlackClock "0:00:16"]

1. d4 Nf6 2. c4 g6 3. Nc3 d5 4. Bf4 Bg7 5. e3 O-O 6. Rc1 c6 7. Nf3 Bg4 8. cxd5 cxd5 9. Qb3 Nbd7 10. Ne5 Nb6 11. a4 a5 12. Nb5 Rc8 13. Rc3 Bd7 14. Nxd7 Qxd7 15. Be2 Ne4 16. Rxc8 Rxc8 17. O-O Nd2 18. Qd1 Nxf1 19. Bxf1 Nc4 20. b3 Nd6 21. Qd2 b6 22. Nxd6 exd6 23. h3 Bf8 24. Bb5 Qc7 25. Qe2 Qc1+ 26. Kh2 Qc2 27. Qg4 Qf5 28. Qe2 Rc2 29. Qf3 Qe4 30. Qg3 h5 31. h4 Be7 32. f3 Qf5 33. e4 dxe4 34. fxe4 Qxe4 35. Bxd6 Bxd6 36. Qxd6 Qxh4+ 37. Kg1 Rc1+ 38. Bf1 Qe1 39. Qd8+ Kg7 40. Qf6+ Kxf6 0-1


[Site "https://www.chess.com"]

[Event "Titled Tuesday Blitz April 12 Early 2022"]
[White "Steil-Antoni, Fiona"]
[Black "Tuleyeva-Aketayeva, Dana"]
[WhiteFideId "4001249"]
[BlackFideId "13701932"]
[WhiteElo "2059"]
[BlackElo "1875"]
[Result "1-0"]
[Round "08"]
[TimeControl "180+1"]
[Date "2022.04.13"]
[WhiteClock "0:00:08"]
[BlackClock "0:00:01"]

1. e4 c5 2. Nc3 Nc6 3. f4 g6 4. Nf3 Bg7 5. Bb5 d6 6. Bxc6+ bxc6 7. d3 Nf6 8. O-O O-O 9. Qe1 Ba6 10. Be3 Rb8 11. Rb1 Ng4 12. Bd2 Nf6 13. f5 Nd7 14. Qh4 Bf6 15. Qh3 Ne5 16. Bh6 Nxf3+ 17. gxf3 Bg7 18. Nd1 c4 19. f4 cxd3 20. cxd3 Qb6+ 21. Kg2 Qd4 22. Bxg7 Kxg7 23. Nf2 Rxb2 24. Rxb2 Qxb2 25. Kh1 Qe2 26. fxg6 hxg6 27. Kg1 Rb8 28. f5 Rb2 29. fxg6 fxg6 30. Qe6 Qh5 31. Qxe7+ Kh6 32. Qf8+ Kh7 33. Qf7+ Kh6 34. Qf4+ Qg5+ 35. Qxg5+ Kxg5 36. Nh3+ Kh6 37. Nf4 g5 38. Ne6 Bxd3 39. Rf6+ Kh5 40. Ng7+ Kg4 41. Rxd6 Bxe4 42. Rd4 Kf4 43. Ne6+ Ke5 44. Rc4 1-0


[Site "https://www.chess.com"]

[Event "Titled Tuesday Blitz April 12 Early 2022"]
[White "Tan, Jun Ying"]
[Black "Demchenko, Anton"]
[WhiteFideId "5710413"]
[BlackFideId "4160258"]
[WhiteElo "1827"]
[BlackElo "2539"]
[Result "1-0"]
[Round "08"]
[TimeControl "180+1"]
[Date "2022.04.12"]
[WhiteClock "0:00:11"]
[BlackClock "0:00:04"]

1. d4 Nf6 2. c4 g6 3. Nc3 Bg7 4. e4 d6 5. Nf3 O-O 6. Be2 e5 7. O-O h6 8. Re1 Nh7 9. dxe5 dxe5 10. Qxd8 Rxd8 11. Be3 c6 12. Rad1 Re8 13. c5 Nf6 14. Nd2 Ng4 15. Nc4 Nxe3 16. fxe3 Be6 17. Nd6 Re7 18. Bc4 Bxc4 19. Nxc4 Na6 20. Na4 Rf8 21. a3 f5 22. b4 f4 23. Rd6 Kh7 24. Nc3 Nc7 25. Red1 Rff7 26. Na5 fxe3 27. Re1 h5 28. Rxe3 Bh6 29. Rf3 Rxf3 30. gxf3 Ne8 31. Rd8 Ng7 32. Rb8 Rd7 33. Rxb7 Rd3 34. Ne2 Be3+ 35. Kf1 Rd1+ 36. Kg2 Rd2 37. Kf1 Rd1+ 38. Kg2 Kh6 39. Nxc6 Ne6 40. Nxe5 Kg5 41. h4+ Kxh4 42. Nxg6+ Kg5 43. Ne5 Rd2 44. Kf1 Rd1+ 45. Kg2 Re1 46. f4+ Bxf4 47. Nxf4 Kxf4 48. Nd3+ Kxe4 49. Nxe1 Nf4+ 50. Kh2 1-0


[Site "https://www.chess.com"]

[Event "Titled Tuesday Blitz April 12 Early 2022"]
[White "Tari, Aryan"]
[Black "Lianes Garcia, Marcos"]
[WhiteFideId "1510045"]
[BlackFideId "32060777"]
[WhiteElo "2567"]
[BlackElo "2310"]
[Result "0-1"]
[Round "08"]
[TimeControl "180+1"]
[Date "2022.04.12"]
[WhiteClock "0:00:02"]
[BlackClock "0:00:06"]

1. c4 g6 2. h4 h6 3. d4 Bg7 4. Nc3 c5 5. dxc5 Qa5 6. Bd2 Qxc5 7. e4 Nf6 8. Nh3 d6 9. Nf4 O-O 10. Be2 Nc6 11. Rc1 Ne5 12. Be3 Qa5 13. O-O a6 14. f3 Nc6 15. Qd2 Kh7 16. b3 Bd7 17. Rfd1 Rab8 18. a4 Rfc8 19. Qe1 Ne5 20. Qf2 b5 21. cxb5 axb5 22. Bd2 bxa4 23. Nxa4 Qd8 24. Rxc8 Rxc8 25. Rc1 Rxc1+ 26. Bxc1 Qa5 27. Qd4 Qe1+ 28. Bf1 Qxc1 29. Ne2 Qc7 30. Nec3 Bxa4 31. Nxa4 Nfd7 32. Qe3 Nc5 33. Kh2 Nxa4 34. bxa4 d5 35. Kh3 dxe4 36. Qxe4 Nc6 37. Bb5 Na5 38. h5 Qc8+ 39. g4 Bf6 40. Bd3 Qe6 41. hxg6+ Kg7 42. Qa8 Qe1 43. gxf7 Qh1+ 44. Kg3 Bh4+ 45. Kf4 Qc1+ 46. Ke4 Qe1+ 47. Kd5 e6+ 48. Kd6 Qb4+ 49. Kxe6 Qb3+ 50. Ke5 Bg3+ 51. Ke4 Qb4+ 52. Ke3 Qe1+ 53. Kd4 Qb4+ 54. Ke3 Bf4+ 55. Kf2 Qd2+ 56. Kg1 Qe1+ 0-1


[Site "https://www.chess.com"]

[Event "Titled Tuesday Blitz April 12 Early 2022"]
[White "Tasev, Dejan"]
[Black "Hoffmann, Asa"]
[WhiteFideId "936618"]
[BlackFideId "2001470"]
[WhiteElo "2253"]
[BlackElo "2117"]
[Result "0-1"]
[Round "08"]
[TimeControl "180+1"]
[Date "2022.04.13"]
[WhiteClock "0:00:16"]
[BlackClock "0:00:13"]

1. e4 d6 2. d4 Nf6 3. Nc3 c6 4. a4 Qa5 5. f3 e5 6. Ne2 Be7 7. Be3 Nbd7 8. Qd2 b5 9. g4 b4 10. Nd1 d5 11. g5 Nh5 12. Ng3 Nxg3 13. hxg3 dxe4 14. f4 exf4 15. gxf4 Nb6 16. b3 Bg4 17. Nf2 Bf3 18. Rh2 O-O-O 19. Be2 Nd5 20. Bxf3 exf3 21. Kf1 Qa6+ 22. Nd3 Bd6 23. Rf2 Rde8 24. Rxf3 h5 25. Bf2 h4 26. Kg2 Kc7 27. Rh1 Qc8 28. Rhh3 Qg4+ 29. Kf1 Re4 30. Ne5 Bxe5 31. fxe5 a5 32. Qd3 Rf4 33. Qa6 Rxf3 34. Rxf3 Qxf3 35. Qa7+ Kd8 36. Qb8+ Ke7 37. Qd6+ Ke8 38. Qxc6+ Kf8 39. Qc8+ Ke7 40. Qc5+ Ke6 41. Qd6+ Kf5 42. Qd7+ Ke4 43. Qb5 Ne3+ 0-1


[Site "https://www.chess.com"]

[Event "Titled Tuesday Blitz April 12 Early 2022"]
[White "Taspinar, Yanki"]
[Black "Kobalia, Mikhail"]
[WhiteFideId "34561188"]
[BlackFideId "4119150"]
[WhiteElo "1518"]
[BlackElo "2667"]
[Result "1-0"]
[Round "08"]
[TimeControl "180+1"]
[Date "2022.04.12"]
[WhiteClock "0:00:31"]
[BlackClock "0:00:43"]

1. e4 c5 2. Nf3 e6 3. d4 cxd4 4. Nxd4 a6 5. c4 Nf6 6. Nc3 Qc7 7. a3 d6 8. Be3 Be7 9. Rc1 O-O 10. f3 b6 11. Be2 Bb7 12. O-O Nbd7 13. b4 Rfc8 14. Qd2 Qd8 15. Rfd1 Qe8 16. Kh1 Ne5 17. Qa2 Bf8 18. Qb3 h5 19. Na4 Ned7 20. Nc2 d5 21. Nxb6 Nxb6 22. Bxb6 dxe4 23. c5 Nd5 24. fxe4 Nxb6 25. cxb6 Qc6 26. Qe3 Qxe4 27. Qxe4 Bxe4 28. Ne3 Rcb8 29. Nc4 Bd5 30. Bf3 Bxf3 31. gxf3 Rb7 32. Rb1 Rc8 33. Rdc1 g5 34. a4 Rc6 35. a5 Rb8 36. b5 axb5 37. Rxb5 Rc5 38. Rxc5 Bxc5 39. Rb1 Ra8 40. b7 Rb8 41. a6 Ba7 42. Ne5 1-0


[Site "https://www.chess.com"]

[Event "Titled Tuesday Blitz April 12 Early 2022"]
[White "Vlassov, Nikolai"]
[Black "Pakleza, Zbigniew"]
[WhiteFideId "4103360"]
[BlackFideId "1119290"]
[WhiteElo "2407"]
[BlackElo "2467"]
[Result "0-1"]
[Round "08"]
[TimeControl "180+1"]
[Date "2022.04.12"]
[WhiteClock "0:00:07"]
[BlackClock "0:00:49"]

1. e4 d6 2. f4 Nf6 3. Nc3 d5 4. e5 d4 5. Nce2 Nd5 6. Nxd4 Nxf4 7. Ngf3 Ng6 8. e6 f6 9. Bc4 c5 10. Bb5+ Nd7 11. exd7+ Bxd7 12. Ne6 Qb6 13. Bxd7+ Kxd7 14. Nxf8+ Rhxf8 15. O-O e5 16. d3 Rad8 17. Nd2 Kc8 18. Nc4 Qc7 19. a4 Kb8 20. Qh5 Ne7 21. Bd2 Nc6 22. Qxh7 Nd4 23. Ba5 b6 24. Bc3 Nxc2 25. Rac1 Nd4 26. Bxd4 Rxd4 27. Rf3 Rfd8 28. Rg3 R8d7 29. Qg8+ Kb7 30. a5 b5 31. a6+ Kxa6 32. Ra1+ Kb7 33. Na5+ Kb6 34. Qh7 c4 35. dxc4 Rd1+ 36. Rxd1 Rxd1+ 37. Kf2 Qc5+ 38. Ke2 Qg1 39. Re3 Qf1# 0-1


[Site "https://www.chess.com"]

[Event "Titled Tuesday Blitz April 12 Early 2022"]
[White "Wagh Suyog"]
[Black "Kazakouski, Valery"]
[WhiteFideId "25071688"]
[BlackFideId "13507443"]
[WhiteElo "2181"]
[BlackElo "2524"]
[Result "1-0"]
[Round "08"]
[TimeControl "180+1"]
[Date "2022.04.12"]
[WhiteClock "0:01:13"]
[BlackClock "0:00:36"]

1. e4 c5 2. Nf3 a6 3. d4 cxd4 4. Nxd4 Nf6 5. Bd3 e5 6. Nb3 d5 7. exd5 Nxd5 8. O-O Nb4 9. Be2 Qxd1 10. Bxd1 Bf5 11. Na3 N8c6 12. Re1 O-O-O 13. Be3 Be7 14. Bf3 Bxc2 15. Rec1 Bxb3 16. axb3 f5 17. Nc4 e4 18. Be2 Nd3 19. Rc2 f4 20. Bb6 Rd7 21. Bg4 Bb4 22. Ba5 Bc5 23. b4 Bd4 24. b5 Nxa5 25. Nxa5+ Kd8 26. Bxd7 Kxd7 27. bxa6 bxa6 28. Ra4 Bb6 29. Nc4 Bc5 30. Ne5+ Nxe5 31. Rxc5 Kd6 32. Rc2 Kd5 33. Rxa6 Rb8 34. Ra5+ Kd4 35. Ra4+ Kd5 36. Rd2+ Nd3 37. f3 1-0


[Site "https://www.chess.com"]

[Event "Titled Tuesday Blitz April 12 Early 2022"]
[White "Winkels, Marcel"]
[Black "Legenia, Artem"]
[WhiteFideId "1003887"]
[BlackFideId "14136945"]
[WhiteElo "1900"]
[BlackElo "1936"]
[Result "1-0"]
[Round "08"]
[TimeControl "180+1"]
[Date "2022.04.13"]
[WhiteClock "0:00:48"]
[BlackClock "0:00:52"]

1. e4 d5 2. exd5 Qxd5 3. Nc3 Qa5 4. d4 Nf6 5. Bd2 a6 6. Bc4 Bg4 7. f3 Bf5 8. Qe2 Qb6 9. O-O-O Nc6 10. Na4 Qxd4 11. Bc3 Qf4+ 12. Bd2 Qe5 13. Bb3 Qxe2 14. Nxe2 e6 15. Bg5 b5 16. Nac3 Be7 17. g4 Bg6 18. h4 h6 19. Bf4 e5 20. Be3 e4 21. g5 exf3 22. Nd4 Nxd4 23. Bxd4 Ne4 24. Nxe4 Bxe4 25. Rhe1 Bf5 26. Bxg7 1-0


[Site "https://www.chess.com"]

[Event "Titled Tuesday Blitz April 12 Early 2022"]
[White "Yeletsky, Ivan"]
[Black "Avramidou, Anastasia"]
[WhiteFideId "24180327"]
[BlackFideId "4239873"]
[WhiteElo "2319"]
[BlackElo "2183"]
[Result "1-0"]
[Round "08"]
[TimeControl "180+1"]
[Date "2022.04.13"]
[WhiteClock "0:01:45"]
[BlackClock "0:00:02"]

1. e4 e6 2. d3 d5 3. Nd2 Nf6 4. Ngf3 c5 5. g3 Nc6 6. Bg2 b6 7. O-O Bb7 8. Re1 Be7 9. exd5 Nxd5 10. Nc4 O-O 11. c3 Rc8 12. a4 Qc7 13. Qe2 Rfd8 14. Ng5 Nf6 15. Bf4 Qd7 16. Nxf7 Nd4 17. cxd4 Bxg2 18. Nxd8 Bd5 19. Nxe6 Re8 20. Nc7 Bd6 21. Nxe8 Bxf4 22. Nxf6+ gxf6 23. gxf4 1-0


[Site "https://www.chess.com"]

[Event "Titled Tuesday Blitz April 12 Early 2022"]
[White "Zanette, Edgard Vinicius"]
[Black "Yanayt, Eugene"]
[WhiteFideId "2109263"]
[BlackFideId "2020165"]
[WhiteElo "2182"]
[BlackElo "2046"]
[Result "1-0"]
[Round "08"]
[TimeControl "180+1"]
[Date "2022.04.13"]
[WhiteClock "0:00:07"]
[BlackClock "0:00:01"]

1. e4 c5 2. Nc3 g6 3. f4 Bg7 4. Nf3 Nc6 5. Bc4 e6 6. O-O Nge7 7. d3 d5 8. Bb3 Nd4 9. exd5 Nxb3 10. axb3 exd5 11. Bd2 O-O 12. Qe1 Nf5 13. Kh1 Re8 14. Qf2 Nd4 15. Nxd4 Bxd4 16. Qf3 Be6 17. f5 Bxf5 18. Nxd5 Bxb2 19. Rae1 Bd4 20. Rxe8+ Qxe8 21. Nc7 Qc8 22. Nxa8 Qxa8 23. Re1 Be6 24. Bg5 Kg7 25. h3 Qc8 26. Bf4 f6 27. Qe4 Bf7 28. Qe7 Bc3 29. Re2 a5 30. Bd6 b5 31. Bxc5 a4 32. bxa4 bxa4 33. Qa7 Kg8 34. Re7 Qf8 35. Qxa4 Qd8 36. Qa7 Qf8 37. d4 1-0


[Site "https://www.chess.com"]